 Dungeon Crawl Stone Soup version 0.29-a0-370-gb5314be063 (webtiles) character file.

Game seed: 17659165416402412451

63 Colgate the Cutter (level 4, -2/26 HPs)
             Began as a Kobold Brigand on May 2, 2022.
             Slain by a goblin
             ... wielding a +0 club
             ... led by Robin
              (3 damage)
             ... on level 2 of the Dungeon.
             The game lasted 00:01:56 (1864 turns).

Colgate the Cutter (Kobold Brigand)                 Turns: 1864, Time: 00:01:57

Health: -2/26      AC:  3    Str:  8    XL:     4   Next: 30%
Magic:  4/4        EV: 14    Int: 12    God:
Gold:   50         SH:  0    Dex: 18    Spells: 3/3 levels left

rFire   . . .      SeeInvis .   a - +2 dagger
rCold   . . .      Faith    .   (no shield)
rNeg    . . .      Spirit   .   b - +0 robe
rPois   .          Reflect  .   (no helmet)
rElec   .          Harm     .   c - +0 cloak
rCorr   +          Rampage  .   (no gloves)
Will    .....                   (no boots)
Stlth   ++++......              (no amulet)
HPRegen 0.08/turn               g - ring of resist corrosion
MPRegen 0.09/turn               (no ring)

@: no status effects
A: small, no large weapons, nightstalker 3
a: no special abilities


You were on level 2 of the Dungeon.
You visited 1 branch of the dungeon, and saw 2 of its levels.

You collected 50 gold pieces.

Inventory:

Hand Weapons
 a - a +2 dagger (weapon)
Missiles
 d - 9 poisoned darts (quivered)
 e - 3 curare-tipped darts
Armour
 b - a +0 robe (worn)
 c - a +0 cloak (worn)
Magical Staves
 j - a staff of cold
Jewellery
 g - a ring of resist corrosion (left hand)
Scrolls
 f - a scroll of enchant weapon {unknown}
 h - a scroll of blinking {unknown}
 m - a scroll of teleportation {unknown}
 n - a scroll of immolation {unknown}
 o - a scroll of fog {unknown}
Potions
 i - a potion of flight {unknown}
 k - a potion of cancellation {unknown}
 l - a potion of lignification {unknown}
 p - a potion of haste {unknown}


   Skills:
 - Level 2.1 Fighting
 + Level 5.7 Short Blades
 - Level 2.1 Throwing
 - Level 1.2 Dodging
 - Level 5.3 Stealth


You had 3 spell levels left.
You didn't know any spells.
Your spell library was empty.

Dungeon Overview and Level Annotations

Branches:
Dungeon (2/15)

Altars:

Annotations:
D:2 Robin


Innate Abilities, Weirdness & Mutations

You are small and have problems with some larger weapons.
You are completely attuned to the shadows.


Message History

You are too injured to fight recklessly!
There are monsters nearby!
You are too injured to fight recklessly!
There are monsters nearby!
You are too injured to fight recklessly!
There are monsters nearby!
You are too injured to fight recklessly!
There are monsters nearby!
You are too injured to fight recklessly!
There are monsters nearby!
You are too injured to fight recklessly!
There are monsters nearby!
You miss the goblin. You hit the goblin. The goblin closely misses you.
The goblin barely misses you. The goblin hits you but does no damage.
The goblin barely misses you. The goblin closely misses you.
You hit the goblin.
Robin roars a battlecry!
The goblins go into a battle-frenzy!
The goblin barely misses you. The goblin hits you with a +0 club.
The goblin misses you. The goblin hits you but does no damage.
The goblin barely misses you.
You barely miss the goblin. You hit the goblin.
You kill the goblin!
The goblin hits you with a +0 club. The goblin hits you but does no damage.
The goblin hits you with a +0 club.
* * * LOW HITPOINT WARNING * * *
The goblin hits you with a +0 dagger.
* * * LOW HITPOINT WARNING * * *
You hit Robin. Robin misses you. The goblin completely misses you.
The goblin barely misses you. x2; The goblin closely misses you.
You hit Robin. The goblin hits you with a +0 club.
* * * LOW HITPOINT WARNING * * *
The goblin hits you but does no damage. The goblin barely misses you. x2
Robin barely misses you.
You hit Robin. You barely miss Robin. Robin closely misses you.
The goblin barely misses you. The goblin closely misses you.
The goblin hits you with a +0 club.
You die...

.####.##..##########
#...............
##.#...####.####
#.#.#.# #.# #.
.#####.###.# #.# #.
...........####.# #.
###..##.###...##.#
#.
...ggg..##.....#.#
#. <.#@#####.#.#.#.#
## #ggg..#...).#.#
#gg##.#.#.#.#.####
.gg# #........#..
.... ###.#.####.#
#...# #.# ###.# #.#
.. #.# ####.#


You could see Robin, 4 hobgoblins and 5 goblins.

Vanquished Creatures
  2 adders (D:2)
  A worm (D:2)
  A dart slug (D:2)
  A ball python (D:1)
  3 endoplasms
  10 goblins
  4 hobgoblins
  3 jackals (D:2)
  A quokka (D:1)
  3 bats
  2 frilled lizards (D:1)
  2 kobolds
  2 rats
35 creatures vanquished.

Notes
Turn   | Place    | Note
-------+----------+-------------------------------------------
     0 | D:1      | Colgate the Kobold Brigand began the quest for the Orb.
     0 | D:1      | Reached XP level 1. HP: 12/12 MP: 1/1
   251 | D:1      | Reached XP level 2. HP: 17/17 MP: 2/2
  1286 | D:1      | Reached XP level 3. HP: 21/21 MP: 3/3
  1430 | D:2      | Reached skill level 5 in Short Blades
  1479 | D:2      | Reached XP level 4. HP: 26/26 MP: 4/4
  1846 | D:2      | Noticed Robin
  1862 | D:2      | HP: 1/26 [goblin/+0 club[Robin] (2)]
  1864 | D:2      | Slain by a goblin

Illustrated notes

Levels and vault maps discovered:
D:1:      amcnicky_arrival_blooded_trapdoor, layout_basic
D:2:      layout_basic, serial_shops, nicolae_shop_behind_doors, serial_glass,
          glass_columns_a, glass_columns_a, glass_columns_b, glass_columns_a,
          glass_columns_c, glass_columns_a, glass_columns_a, glass_columns_b,
          uniq_robin

Skill      XL: |  1  2  3 |
---------------+----------+-----
Short Blades   | 3 4 5 |  5.7
Fighting       | |  2.1
Throwing       | |  2.1
Dodging        | |  1.2
Stealth        | |  5.3

Action                   |  1- 3 |  4- 6 || total
-------------------------+-------+-------++-------
Melee: Dagger            |    44 |    28 ||    72
 Stab: Sleeping          |    16 |     5 ||    21
Armor: Robe              |     3 |    10 ||    13
Dodge: Dodged            |    14 |    34 ||    48

Table legend: (Time is in decaauts)
 A = Elapsed time spent in this place.
 B = Non-inter-level travel time spent in this place.
 C = Inter-level travel time spent in this place.
 D = Time resting spent in this place.
 E = Time spent auto-exploring this place.
 F = Levels seen in this place.
 G = Mean time per level.
                   A        B        C        D        E       F      G
               +--------+--------+--------+--------+--------+-----+--------+
         Total |   1847 |   1808 |     39 |      0 |   1615 |   2 |  923.5 |
       Dungeon |   1847 |   1808 |     39 |      0 |   1615 |   2 |  923.5 |
               +--------+--------+--------+--------+--------+-----+--------+

Top non-repeatable levels by time:
     D:1: 1334 daAuts
     D:2: 512 daAuts
